AoeStats
← Thyphon06

Black Forest

504741941Analyzed
4v4 RM · 25d ago on Sep 6, 2026· 150m 16s· 8 players
Game mode
Random Map
Map size
Large (8 player)
Population
200
Speed
Normal
Resources
Standard
Victory
Conquest
Starting age
Dark Age
Ending age
Imperial Age
RankedLock teamsTeams togetherTeam positionsShared explorationLock speedFull tech treeHidden civsTurbo modeCheats
Victory
Defeat
🇦🇺 Britons · Australia
1255
+15
🇭🇰 Vietnamese · Hong Kong SAR China
1224
+16
🇨🇳 Persians · China
1188
+18
🇨🇳 Spanish · China
1177
+29
🇺🇸 Georgians · United States
1239
-17
🇨🇳 Magyars · China
1226
-17
🇫🇷 Portuguese · France
1225
-17
🇹🇷 Britons · Türkiye
1214
-16
Senshi
1:38 Loom
15:33 Feudal Age
19:38 Castle Age
17:43 Horse Collar
21:23 Heavy Plow
21:15 Double-Bit Axe
22:25 Wheelbarrow
32:44 Scale Barding Armor
32:50 Forging
35:27 Imperial Age
33:21 Ballistics
32:56 Fletching
34:49 Bow Saw
34:30 Stone Mining
34:34 Gold Mining
34:49 Caravan
35:39 Svan Towers
36:07 Fortified Wall
36:47 Chain Barding Armor
37:03 Iron Casting
38:17 Chemistry
38:32 Guard Tower
40:04 Plate Barding Armor
40:30 Blast Furnace
40:41 Conscription
41:16 Bodkin Arrow
41:51 Bracer
41:53 Pikeman
42:40 Halberdier
44:12 Scale Mail Armor
50:48 Keep
56:16 Masonry
57:44 Architecture
77:43 Light Cavalry
78:33 Bloodlines
78:12 Hussar
80:57 Siege Engineers
88:04 Cavalier
92:55 Padded Archer Armor
113:59 Chain Mail Armor
116:43 Man-at-Arms
118:17 Plate Mail Armor
117:59 Long Swordsman
119:50 Two-Handed Swordsman
127:44 Champion
131:00 Treadmill Crane
139:23 Aznauri Cavalry
tomtom
7:11 Loom
11:48 Feudal Age
15:32 Castle Age
13:42 Double-Bit Axe
14:44 Horse Collar
16:57 Wheelbarrow
16:40 Bow Saw
23:22 Wheelbarrow
23:40 Heavy Plow
24:49 Stone Mining
26:18 Stone Shaft Mining
26:01 Hand Cart
25:32 Town Watch
29:40 Imperial Age
28:09 Treadmill Crane
28:42 Masonry
28:58 Fletching
29:08 Padded Archer Armor
28:35 Pikeman
29:01 Gambesons
29:02 Arson
29:20 Town Patrol
30:18 Leather Archer Armor
30:04 Scale Mail Armor
30:15 Forging
30:41 Ballistics
30:29 Thumb Ring
31:37 Chemistry
30:36 Halberdier
32:44 Two-Man Saw
32:25 Ring Archer Armor
32:48 Gold Mining
33:31 Crop Rotation
33:13 Caravan
33:43 Coinage
33:32 Guilds
34:15 Arquebus
34:37 Conscription
33:58 Elite Skirmisher
35:07 Fletching
35:33 Chain Mail Armor
36:39 Bodkin Arrow
38:09 Bracer
38:40 Plate Mail Armor
38:45 Iron Casting
42:36 Architecture
42:12 Siege Engineers
43:43 Blast Furnace
43:47 Scale Barding Armor
44:56 Fervor
46:26 Block Printing
46:26 Redemption
65:06 Theocracy
75:03 Elite Organ Gun
75:13 Crossbowman
77:02 Arbalester
101:54 Man-at-Arms
102:56 Capped Ram
113:41 Long Swordsman
114:43 Chain Barding Armor
116:32 Bloodlines
116:23 Husbandry
115:44 Light Cavalry
115:49 Two-Handed Swordsman
117:38 Champion
146:04 Plate Barding Armor
Thyphon06
1:01 Loom
12:06 Feudal Age
12:32 Double-Bit Axe
18:26 Castle Age
19:48 Fervor
20:02 Bow Saw
20:20 Horse Collar
21:05 Bow Saw
24:42 Wheelbarrow
28:24 Fortified Wall
28:24 Heavy Plow
29:32 Hand Cart
29:44 Gold Mining
33:46 Imperial Age
31:46 Padded Archer Armor
31:36 Fletching
32:44 Ballistics
32:40 Leather Archer Armor
33:06 Gold Shaft Mining
32:23 Stone Mining
32:20 Crossbowman
33:28 Town Watch
33:58 Arbalester
34:39 Bodkin Arrow
35:15 Ring Archer Armor
35:48 Chemistry
37:20 Yeomen
37:01 Warwolf
37:22 Conscription
37:42 Caravan
38:14 Coinage
38:45 Two-Man Saw
37:38 Arrowslits
37:56 Bracer
38:06 Forging
37:56 Scale Mail Armor
37:54 Murder Holes
38:12 Masonry
37:43 Treadmill Crane
40:38 Town Patrol
41:12 Architecture
40:47 Siege Engineers
40:33 Heated Shot
42:05 Elite Longbowman
43:21 Hoardings
42:16 Sappers
42:31 Onager
46:55 Iron Casting
46:35 Chain Mail Armor
47:41 Pikeman
48:22 Squires
48:09 Halberdier
48:51 Halberdier
49:17 Arson
71:07 Banking
71:14 Plate Mail Armor
71:45 Blast Furnace
72:01 Blast Furnace
80:15 Sappers
ARM-Dahua
1:22 Loom
11:54 Feudal Age
17:57 Castle Age
17:15 Double-Bit Axe
20:07 Bow Saw
26:02 Horse Collar
29:06 Wheelbarrow
31:22 Imperial Age
29:07 Heavy Plow
29:00 Fletching
29:11 Padded Archer Armor
30:00 Bodkin Arrow
30:34 Ballistics
31:03 Leather Archer Armor
31:27 Thumb Ring
33:07 Caravan
33:49 Parthian Tactics
33:43 Bracer
34:51 Chemistry
36:24 Crop Rotation
36:03 Heavy Cavalry Archer
39:14 Two-Man Saw
38:32 Hand Cart
42:03 Recurve Bow
41:25 Elite Magyar Huszar
42:05 Corvinian Army
42:41 Hoardings
42:40 Ring Archer Armor
42:16 Scale Barding Armor
42:19 Siege Engineers
42:09 Murder Holes
42:25 Masonry
41:56 Treadmill Crane
45:32 Chain Barding Armor
52:18 Plate Barding Armor
51:47 Guard Tower
53:02 Husbandry
53:13 Bloodlines
68:35 Pikeman
69:01 Arson
69:19 Scale Mail Armor
69:17 Halberdier
69:54 Halberdier
72:32 Chain Mail Armor
96:10 Light Cavalry
98:31 Hussar
Apple
1:44 Loom
16:04 Feudal Age
21:29 Castle Age
19:57 Double-Bit Axe
20:59 Horse Collar
26:57 Bow Saw
27:44 Heavy Plow
28:57 Fletching
30:27 Wheelbarrow
31:52 Hand Cart
37:23 Imperial Age
35:36 Gold Mining
35:36 Stone Mining
35:51 Bodkin Arrow
35:57 Padded Archer Armor
38:06 Ballistics
38:24 Bracer
38:39 Leather Archer Armor
40:32 Ring Archer Armor
41:09 Chemistry
45:43 Capped Ram
48:56 Elite Longbowman
50:44 Two-Man Saw
51:06 Yeomen
54:57 Warwolf
55:22 Caravan
58:17 Forging
58:12 Scale Barding Armor
58:42 Light Cavalry
62:49 Chain Barding Armor
63:04 Iron Casting
68:18 Blast Furnace
79:43 Heavy Scorpion
85:38 Coinage
85:24 Guilds
113:05 Husbandry
113:43 Plate Barding Armor
113:11 Scale Mail Armor
116:10 Conscription
117:22 Man-at-Arms
117:48 Gambesons
118:05 Squires
118:24 Long Swordsman
120:01 Two-Handed Swordsman
121:06 Champion
124:04 Chain Mail Armor
128:15 Plate Mail Armor
142:42 Fortified Wall
Mars'plants
10:40 Feudal Age
15:25 Castle Age
14:01 Double-Bit Axe
14:03 Horse Collar
19:56 Loom
23:04 Bow Saw
25:04 Wheelbarrow
24:36 Heavy Plow
26:07 Hand Cart
25:38 Town Watch
26:29 Town Watch
27:07 Kamandaran
27:49 Crossbowman
30:31 Parthian Tactics
30:33 Gold Mining
30:36 Stone Mining
33:27 Imperial Age
31:32 Fletching
31:43 Padded Archer Armor
32:08 Ballistics
32:02 Thumb Ring
33:03 Bodkin Arrow
33:23 Leather Archer Armor
33:48 Gold Shaft Mining
34:07 Conscription
33:08 Elite War Elephant
35:11 Ring Archer Armor
34:52 Forging
34:47 Scale Barding Armor
35:57 Chemistry
36:50 Two-Man Saw
36:23 Crop Rotation
36:43 Caravan
38:17 Iron Casting
39:13 Chain Barding Armor
39:44 Devotion
43:11 Blast Furnace
45:30 Plate Barding Armor
46:36 Faith
105:18 Light Cavalry
105:59 Husbandry
106:12 Bloodlines
106:51 Hussar
懒洋洋
1:47 Loom
13:47 Feudal Age
14:22 Double-Bit Axe
17:25 Castle Age
15:20 Horse Collar
18:20 Bow Saw
21:29 Town Watch
25:08 Wheelbarrow
25:14 Stone Mining
25:17 Gold Mining
27:07 Hand Cart
26:48 Stone Mining
31:03 Imperial Age
28:56 Hand Cart
29:03 Hand Cart
29:00 Fletching
29:14 Heavy Plow
29:44 Scale Barding Armor
29:50 Scale Mail Armor
31:01 Chain Mail Armor
30:57 Forging
31:24 Stone Shaft Mining
31:11 Pikeman
32:33 Plate Mail Armor
32:04 Squires
34:03 Two-Man Saw
33:56 Iron Casting
33:28 Scale Barding Armor
33:40 Bodkin Arrow
33:07 Cavalier
33:57 Bloodlines
33:48 Husbandry
33:27 Halberdier
34:42 Fortified Wall
34:41 Caravan
35:18 Conscription
36:13 Blast Furnace
34:34 Paladin
36:32 Chain Barding Armor
36:27 Bracer
36:56 Masonry
38:32 Chemistry
37:52 Town Patrol
38:28 Architecture
38:23 Padded Archer Armor
39:09 Ballistics
40:42 Plate Barding Armor
40:14 Onager
40:35 Elite Skirmisher
41:16 Padded Archer Armor
41:59 Murder Holes
42:43 Leather Archer Armor
43:03 Supremacy
42:13 Capped Ram
43:07 Guilds
43:36 Coinage
43:30 Guilds
44:17 Ring Archer Armor
46:30 Banking
46:45 Imperial Skirmisher
47:32 Thumb Ring
48:27 Siege Ram
52:33 Gambesons
52:42 Light Cavalry
55:26 Hussar
65:42 Siege Ram
wyk3S
6:58 Loom
7:03 Loom
12:14 Feudal Age
12:55 Double-Bit Axe
15:58 Castle Age
14:00 Horse Collar
17:29 Wheelbarrow
17:10 Bow Saw
23:05 Heavy Plow
24:00 Stone Mining
25:21 Hand Cart
26:25 Stone Shaft Mining
25:47 Gold Mining
29:58 Imperial Age
27:58 Fletching
29:08 Bodkin Arrow
29:13 Padded Archer Armor
29:01 Town Watch
28:58 Treadmill Crane
29:39 Ballistics
29:40 Caravan
29:19 Crossbowman
29:24 Elite Skirmisher
30:03 Murder Holes
30:52 Thumb Ring
31:03 Leather Archer Armor
30:28 Imperial Skirmisher
31:10 Bracer
31:33 Paper Money
31:16 Chatras
32:50 Ring Archer Armor
33:21 Chemistry
32:51 Forging
32:47 Scale Barding Armor
33:53 Two-Man Saw
33:26 Crop Rotation
33:55 Elite Battle Elephant
34:46 Bloodlines
35:14 Iron Casting
35:05 Husbandry
36:19 Chain Barding Armor
36:48 Hoardings
36:53 Siege Engineers
37:48 Bombard Tower
38:05 Plate Barding Armor
40:05 Scale Mail Armor
40:07 Squires
39:53 Arson
39:29 Pikeman
40:37 Fortified Wall
41:52 Chain Mail Armor
40:58 Halberdier
46:04 Plate Mail Armor
44:56 Elite Fire Lancer
49:13 Town Patrol
78:26 Light Cavalry
84:01 Coinage
83:42 Guilds
89:08 Elite Rattan Archer
100:44 Banking
Connection lost

Rejoining the realm…

Still unreachable

The connection could not be restored.

Session expired

The server has moved on; the page needs a fresh start.